 Dungeon Crawl Stone Soup version 0.22.1-2-g9c5b331 (webtiles) character file.

828 Fang the Chopper (level 7, -18/66 HPs)
             Began as a Gargoyle Berserker on Dec 3, 2018.
             Was a Priest of Trog.
             Demolished by an ogre
             ... wielding a +0 giant club
              (20 damage)
             ... on level 5 of the Dungeon.
             The game lasted 00:07:54 (4633 turns).

Fang the Chopper (Gargoyle Berserker)               Turns: 4633, Time: 00:07:54

Health: -18/66     AC: 11    Str: 27    XL:     7   Next: 97%
Magic:  7/7        EV: 11    Int:  8    God:    Trog [***...]
Gold:   90         SH:  0    Dex:  9    Spells: 6/6 levels left

rFire    . . .     SeeInvis .   a - +1 hand axe
rCold    . . .     Gourm    .   (no shield)
rNeg     + . .     Faith    .   l - +0 scale mail
rPois    ∞         Spirit   .   (no helmet)
rElec    +         Reflect  .   (no cloak)
rCorr    .         Harm     .   (no gloves)
MR       .....                  (no boots)
Stlth    ..........             i - amulet of rage
HPRegen  0.21/turn              (no ring)
MPRegen  0.10/turn              (no ring)

@: berserking, very quick
A: negative energy resistance 1, electricity resistance, unbreathing,
petrification resistance, rot immunity, AC +4
a: Berserk, Trog's Hand, Renounce Religion, Evoke Berserk Rage


You were on level 5 of the Dungeon.
You worshipped Trog.
Trog was most pleased with you.
You were near starving.

You visited 1 branch of the dungeon, and saw 5 of its levels.

You collected 212 gold pieces.
You spent 122 gold pieces at shops.

Inventory:

Hand Weapons
 a - a +1 hand axe (weapon)
 k - a +1 war axe of chopping
Armour
 l - a +0 scale mail (worn)
Jewellery
 i - an amulet of rage (around neck)
Scrolls
 b - 3 scrolls of identify
 f - 3 scrolls of remove curse
 j - a scroll of enchant armour {unknown}
 n - a scroll of blinking
Potions
 d - 4 potions of curing
 e - 2 potions of ambrosia {unknown}
 g - 2 potions of magic
 h - a potion of might {unknown}
 m - 2 potions of lignification {unknown}
 q - a potion of resistance
Comestibles
 c - 10 rations


   Skills:
 + Level 4.7 Fighting
 + Level 6.4 Axes
 + Level 3.8 Armour
 + Level 3.3 Dodging
 + Level 1.0 Stealth


You had 6 spell levels left.
You didn't know any spells.
Your spell library was empty.

Dungeon Overview and Level Annotations

Branches:
Dungeon (5/15)
 Temple: D:4-7

Altars:
Cheibriados

Shops:
D:5 (


Innate Abilities, Weirdness & Mutations

You are resistant to torment.
Your stone body is resilient. (AC +4)
You are immune to poison.
You resist negative energy. (rN+)
You are resistant to electric shocks. (rElec)
You can survive without breathing.
You are immune to petrification.
You are immune to rotting.


Message History

The ogre is lightly wounded.
You slash the adder!
You kill the adder!
Trog accepts your kill. The ogre hits you with a giant club!
* * * LOW HITPOINT WARNING * * *
You slash the ogre!
The ogre is heavily wounded.
Unknown command.
You hit the ogre.
The ogre is severely wounded.
The ogre hits you but does no damage.
Unknown command.
You hit the ogre.
The ogre is almost dead.
Unknown command.
You barely miss the ogre.
The ogre is almost dead.
The ogre hits you with a giant club!!
You die...

.... #.....
#......#.......
#.....
......#........
#..... ..............
#.....
#.............>+.....
#..............#.....
#....................
#...†O.# ####.....##
##...@..# #........##
#....#### #....#....#
#...## ...........+
#...# .. .....##....#
##...###........
#....#
#..............
##...#
#............## #....
##...........
######...
###.............
#........


You could see an ogre.

Vanquished Creatures
  An ice beast (D:5)
  An ogre (D:5)
  A bullfrog (D:4)
  A scorpion (D:5)
  A howler monkey (D:4)
  A crimson imp (D:5)
  An orc priest (D:4)
  A bullfrog skeleton (D:3)
  Jessica (D:3)
  An iguana (D:4)
  6 worker ants
  An orc wizard (D:4)
  A hound skeleton (D:4)
  5 adders
  2 oozes
  2 worms
  2 adder skeletons
  4 dart slugs
  A leopard gecko (D:3)
  12 orcs
  4 ball pythons
  2 giant cockroaches
  8 hobgoblins
  4 jackals
  9 kobolds
  3 quokkas
  14 bats
  4 frilled lizards
  6 goblins
  8 rats
108 creatures vanquished.

Notes
Turn   | Place    | Note
-------+----------+-------------------------------------------
     0 | D:1      | Fang the Gargoyle Berserker began the quest for the Orb.
     0 | D:1      | Reached XP level 1. HP: 14/14 MP: 1/1
    83 | D:1      | Reached skill level 3 in Axes
   128 | D:1      | Reached XP level 2. HP: 1/19 MP: 2/2
  1063 | D:1      | Reached XP level 3. HP: 23/23 MP: 3/3
  1322 | D:2      | Reached ** piety under Trog
  1719 | D:2      | Reached XP level 4. HP: 28/28 MP: 4/4
  1898 | D:2      | Found a snail-covered altar of Cheibriados.
  2079 | D:3      | Reached skill level 4 in Axes
  2260 | D:3      | Reached XP level 5. HP: 26/33 MP: 5/5
  2455 | D:3      | Noticed Jessica
  2462 | D:3      | Killed Jessica
  2599 | D:3      | Reached *** piety under Trog
  2958 | D:4      | Reached XP level 6. HP: 38/38 MP: 6/6
  3049 | D:4      | Reached skill level 5 in Axes
  3294 | D:4      | Reached XP level 7. HP: 19/43 MP: 7/7
  3786 | D:5      | Entered Level 5 of the Dungeon
  3786 | D:5      | Found Ismey's Weapon Emporium.
  3814 | D:5      | Reached skill level 6 in Axes
  3852 | D:5      | Bought a +1 war axe of chopping for 122 gold pieces
  3989 | D:5      | Reached skill level 1 in Stealth
  4629 | D:5      | HP: 1/66 [ogre/giant club (8)]
  4633 | D:5      | Demolished by an ogre

Skill      XL: |  1  2  3  4  5  6  7 |
---------------+----------------------+-----
Axes           | 3 4 5 6 |  6.4
Dodging        | 2 3 |  3.3
Armour         | 3 |  3.8
Fighting       | 4 |  4.7
Stealth        | 1 |  1.0

Action                   |  1- 3 |  4- 6 |  7- 9 || total
-------------------------+-------+-------+-------++-------
Melee: Hand axe          |   149 |   201 |   157 ||   507
Invok: Berserk           |     1 |     2 |     2 ||     5
  Use: Scroll            |       |    11 |       ||    11
 Stab: Sleeping          |     1 |       |       ||     1
  Eat: Chunk             |     4 |     6 |     5 ||    15
Armor: Animal skin       |    46 |       |       ||    46
       Scale mail        |    53 |    93 |    58 ||   204
Dodge: Dodged            |   112 |   102 |    78 ||   292
